[Event "German Rapid Championship 2022"]
[Site "Goettingen"]
[Date "2022.09.24"]
[Round "4.12"]
[White "Albert, Markus"]
[Black "Carlstedt, Jonathan"]
[Result "0-1"]
[ECO "A00"]
[WhiteElo "2129"]
[BlackElo "2433"]
[Annotator "TA"]
[PlyCount "92"]
[EventDate "2022.09.24"]
[EventType "swiss"]
[EventCountry "GER"]
[SourceTitle "playchess.com"]
[Source "ChessBase"]
[SourceQuality "1"]
[TimeControl "900+10"]

1. Nc3 g6 2. h4 h5 3. e4 Bg7 4. Bc4 c6 {[%emt 0:00:07] [#]} 5. a3 $146 ({Predecessor:} 5. Nf3 d6 6. d4 Bg4 7. Be3 e6 8. d5 cxd5 9. exd5 e5 10. Qd2 Bxf3 11. gxf3 Ne7 {1-0 (37) Dourerassou,J (2443)-Pichot,A (2625) Chess.com INT 2022}) 5... Nf6 (5... b5 6. Ba2 $14) 6. Ba2 {[%emt 0:00:20] B06: Modern Defence.} d5 7. Qe2 (7. d3 $11) 7... O-O 8. d3 $1 {[%emt 0:00:05] Black has an edge.} a5 9. Nh3 b5 10. Nd1 (10. Ng5 $15) 10... b4 $17 11. e5 Ng4 12. f4 Bf5 13. Ndf2 e6 {[%emt 0:00:03] Black is more active.} 14. Nxg4 Bxg4 15. Qe3 Qxh4+ 16. Nf2 Qe7 17. Nxg4 hxg4 18. Qg3 f5 ({But not} 18... bxa3 $6 19. bxa3 (19. Qh2 Rd8 $15) 19... Qc5 20. Kd2 $15 (20. Qh4 Re8 $11)) (18... Nd7 $142 19. Qxg4 (19. Qh2 Rfb8 $15) 19... bxa3 20. bxa3 (20. Qh3 Rfb8 $17) 20... Qc5) 19. a4 (19. exf6 $17 Qxf6 20. Qxg4 (20. Qh2 Kf7 $17)) 19... Nd7 20. Be3 Kf7 21. Ke2 Rh8 22. Qf2 g5 23. d4 gxf4 (23... c5 $1 $19 {aiming for ...cxd4.} 24. Raf1 Kg6) 24. Qxf4 Rxh1 25. Rxh1 Rh8 (25... Nf8 $17 26. Rh5 Ke8) 26. Rxh8 $15 {[%emt 0:00:38][%mdl 64] [#] Remove Defender} Bxh8 27. Qh6 {[%emt 0:00:09] Against Qh4} Bg7 28. Qh5+ Kf8 29. Qg6 ({White should try} 29. Bg5 $15 Qe8 30. Qh7) 29... Qe8 30. Qh7 Qf7 $36 {[%emt 0:00:28][%mdl 2048] ...f4 is the strong threat. White is under strong pressure.} 31. Bh6 Bxh6 32. Qxh6+ $17 {[%emt 0:00:01][%mdl 4096] Endgame KQB-KQN} Ke8 {[%emt 0:00:07] White must now prevent ...f4.} 33. Qh8+ (33. c4 $17) 33... Nf8 $19 34. c3 (34. Qh1 {is a better defense.}) 34... bxc3 35. bxc3 f4 36. Qh1 Kd7 (36... Qh7 $19 {has better winning chances.} 37. Qxh7 Nxh7) 37. Bb1 $17 Kc7 38. Bd3 Nd7 39. Kf2 (39. Kd2 $17) 39... Nb6 ({Black should play} 39... Qf8 $19 {Threatens to win with ...Qa3.} 40. Qd1 Qa3) 40. Bc2 {[%emt 0:00:19] [#]} (40. Qh8 $17 {keeps fighting.}) 40... Nc4 $2 (40... Qe7 $1 $19 {Strongly threatening ...Qa3.} 41. Ke2 Qf8) 41. Qh8 g3+ (41... Qe7 $5 ) 42. Ke2 $2 (42. Kf3 $11) 42... f3+ {[%emt 0:00:02] Black mates.} 43. gxf3 Qf4 44. Qh7+ Kb6 45. Qd3 g2 46. Kf2 Qh2 {[%emt 0:00:08] Weighted Error Value: White=0.43/Black=0.24 (precise)} 0-1

[Event "German Rapid Championship 2022"]
[Site "Goettingen"]
[Date "2022.09.24"]
[Round "4.13"]
[White "Reichmann, Hendrik"]
[Black "Elier, Ali"]
[Result "1-0"]
[ECO "D00"]
[WhiteElo "2307"]
[BlackElo "2164"]
[Annotator "TA"]
[PlyCount "79"]
[EventDate "2022.09.24"]
[EventType "swiss"]
[EventCountry "GER"]
[SourceTitle "playchess.com"]
[Source "ChessBase"]
[SourceQuality "1"]
[TimeControl "900+10"]

1. d4 d5 2. Bf4 c5 3. e3 Nf6 4. Nc3 e6 5. Nb5 Na6 $1 6. c3 {[%emt 0:00:08] D00: 1 d4 d5: Unusual lines.} Be7 7. a4 O-O 8. h3 {[%emt 0:00:41][%cal Bh2h3,Bh3h4][%mdl 32] [#] The position is equal.} cxd4 $146 ({Predecessor:} 8... Ne8 9. Nf3 Nac7 10. Nxc7 Nxc7 11. Bd3 Ne8 12. a5 Nf6 13. O-O Bd7 14. Ne5 a6 {½-½ (54) Jobava,B (2713)-Yudin,S (2546) Dubai 2014}) 9. exd4 Ne8 10. Nf3 Nac7 11. Bd3 a6 12. Na3 {[%emt 0:00:59] White has more active pieces.} (12. Nxc7 $16 Nxc7 13. Ne5) 12... g6 (12... Bd6 $14 {is superior.} 13. Bc1 Nf6) 13. h4 {[%emt 0:00:28] White leaves nothing to chance now.} Ng7 14. Bh6 Re8 15. h5 {[%emt 0:00:22] And now hxg6 would win.} Nf5 (15... g5 $16) 16. hxg6 $18 hxg6 17. Bf4 {[%emt 0:00:20][%cal Bh6f4,Bf4d6,Bd6c7][%mdl 32] Black must now prevent Qd2.} Bd6 $2 (17... e5) 18. Qd2 Qf6 (18... e5 $142) 19. Ne5 Qg7 20. g4 f6 21. Nxg6 ({Weaker is} 21. gxf5 exf5 22. Bh6 Qf7 $18) 21... Qxg6 22. Bxd6 {[%emt 0:00:05][%mdl 64] 0-0-0 is the strong threat. Pin, Trapped Piece} Qxg4 23. Bxc7 e5 24. dxe5 Re7 25. Be2 Qe4 26. Rg1+ Kf8 27. Bd6 Nxd6 28. exd6 {[%emt 0:00:01] Hoping for Qh6+.} Re6 29. Qh6+ Ke8 30. Rg8+ Kd7 31. Qg7+ Kxd6 32. Rd8+ Kc6 {[%emt 0:00:17][%csl Ge6][%cal Re4e2] [#]} 33. O-O-O $1 Qf4+ 34. Kb1 Rxe2 35. R8xd5 Bf5+ $2 (35... Be6 36. Rd6+ Qxd6 37. Rxd6+ Kxd6) 36. Ka1 {[%emt 0:00:01][%cal Oa3c4] Threatening mate with Nc4!} Re1 37. Qxf6+ (37. Rxe1 $142 Kb6 {[#]} 38. Rd6+ $3 Ka7 39. Qc7 Qxd6 40. Qxd6 Rc8 41. Re7 Rg8 42. Qd5) 37... Kc7 38. Rxe1 {[%emt 0:00:13] White mates.} Re8 39. Rxe8 Qc1+ 40. Ka2 {[%emt 0:00:01] Weighted Error Value: White=0.19 (very precise) /Black=0.65} 1-0

[Event "German Rapid Championship 2022"]
[Site "Goettingen"]
[Date "2022.09.24"]
[Round "5.1"]
[White "Krastev, Alexander"]
[Black "Bluebaum, Matthias"]
[Result "1/2-1/2"]
[ECO "C02"]
[WhiteElo "2431"]
[BlackElo "2647"]
[Annotator "TA"]
[PlyCount "82"]
[EventDate "2022.09.24"]
[EventType "swiss"]
[EventCountry "GER"]
[SourceTitle "playchess.com"]
[Source "ChessBase"]
[SourceQuality "1"]
[TimeControl "900+10"]

1. e4 e6 2. d4 d5 3. e5 c5 4. c3 Nc6 5. Nf3 Qb6 6. Bd3 cxd4 7. O-O $1 {[%emt 0:00:04][%mdl 4] now scores much better than the old 7.cxd4. C02: French: Advance Variation.} Bd7 8. Re1 Nge7 9. h4 {[%emt 0:00:02] Black has an edge.} h6 10. h5 Rc8 11. a3 a6 12. b4 {[%emt 0:00:04] [#]} Qd8 $146 (12... dxc3 $11 13. Nxc3 Nxb4 $1) ({Predecessor:} 12... dxc3 13. Nxc3 Nd4 14. Bb2 Nxf3+ 15. Qxf3 Bc6 16. Qg4 Rg8 17. Rac1 g6 18. hxg6 Nxg6 19. Nxd5 Bxd5 20. Rxc8+ Kd7 21. Bd4 Ne7 22. Bxb6 Rxg4 23. Rd8+ {1-0 (23) Supi,L (2590)-Rodi,L (2351) Sales Oliveira 2022}) 13. cxd4 $14 Nf5 14. Bb2 Be7 15. Nbd2 (15. Nc3 $5 ) 15... O-O 16. Nb3 Be8 17. Rc1 Nb8 ({Black should try} 17... f6 $14) 18. Qe2 (18. Rxc8 $142 Qxc8 19. Bb1) 18... Rxc1 $16 19. Rxc1 Ba4 20. Nc5 Bxc5 21. dxc5 Nh4 22. Bb1 {[%emt 0:03:49] White is more active.} ({White should play} 22. Nxh4 $16 Qxh4 23. g3) 22... Nc6 23. Re1 Re8 24. Qd3 {[%emt 0:00:55] Strongly threatening Qh7+.} Nxf3+ 25. Qxf3 Qh4 26. Qd3 Kf8 27. Qh7 Qxh5 (27... Qg4 {deserves consideration.}) 28. Qh8+ $11 {[%emt 0:00:01][%mdl 64] Deflection} Ke7 29. Qxg7 Qg5 (29... Kd7 $11 {remains equal.}) 30. Qxg5+ (30. Qf6+ $16 Qxf6 31. exf6+ Kd7 32. f4) 30... hxg5 31. g4 Rd8 32. Bc1 f6 33. exf6+ Kxf6 34. Kg2 {[%emt 0:00:03] Rh1 is the strong threat.} Rh8 (34... d4 $14) 35. Ba2 $1 $16 Rh4 36. f3 Bc2 37. Kg3 Rh7 {[%emt 0:00:04] [#]} (37... Rh6 $16) 38. Bb2+ (38. Bxg5+ $1 $18 Kxg5 39. Rxe6) 38... Kf7 39. Bc1 (39. Rc1 $16 Bd3 40. Rd1) 39... Kf6 $18 {[%emt 0:00:01] [#]} 40. Bb2+ (40. Bxg5+ $1 $18 {[%mdl 512] and the rest is easy.} Kxg5 41. Rxe6) 40... Kf7 $16 41. Bc1 (41. Rc1 $16 Bd3 42. Bb3) 41... Kf6 {Weighted Error Value: White=0.28 (precise) /Black=0.22 (precise)} 1/2-1/2

[Event "German Rapid Championship 2022"]
[Site "Goettingen"]
[Date "2022.09.24"]
[Round "5.2"]
[White "Poetsch, Hagen"]
[Black "Svane, Rasmus"]
[Result "1/2-1/2"]
[ECO "C44"]
[WhiteElo "2491"]
[BlackElo "2615"]
[Annotator "TA"]
[PlyCount "96"]
[EventDate "2022.09.24"]
[EventType "swiss"]
[EventCountry "GER"]
[SourceTitle "playchess.com"]
[Source "ChessBase"]
[SourceQuality "1"]
[TimeControl "900+10"]

1. e4 e5 2. Nf3 Nc6 3. d4 exd4 4. Nxd4 Nf6 5. Nxc6 bxc6 6. Bd3 d5 7. exd5 cxd5 8. O-O Be7 9. c4 O-O $1 {[%emt 0:01:14] 9...0-0 is better than 9...d4.} 10. cxd5 {[%emt 0:00:04] C45: Scotch Game.} Nxd5 11. Qf3 Be6 12. Rd1 c6 {[%emt 0:00:50] [#]} 13. Nd2 $146 ({Predecessor:} 13. h3 Qb6 14. Nd2 Nb4 15. Bb1 Rad8 16. a3 Qa6 17. Ne4 Rxd1+ 18. Qxd1 Rd8 19. Bd2 {½-½ (32) Najer,E (2661)-Petrosyan,M (2613) Moscow 2019}) 13... Qd7 {[%emt 0:00:57] [#] Threatens to win with ...Bg4.} (13... Qc8 $5 ) 14. h3 {[%emt 0:00:13] Inhibits Bg4.} Nb4 15. Bb1 Rad8 16. a3 Na6 17. Bc2 Qc8 18. b3 Bd5 19. Qh5 {[%emt 0:01:49][%csl Gc2][%cal Rh5h7] [#]} g6 20. Qe5 Qe6 ({Don't take} 20... Bd6 21. Qf6 Qe6 22. Qxe6 (22. Bb2 Qxf6 23. Bxf6 Rde8 $11) 22... Bxe6 23. Nc4 $14) 21. Qxe6 Bxe6 22. Bb2 Nc5 23. b4 Nd3 24. Bxd3 Rxd3 25. Ne4 Rxd1+ 26. Rxd1 f5 27. Nc5 Bxc5 28. bxc5 $11 {[%emt 0:00:02][%mdl 4096] Endgame KRB-KRB} Bd5 29. Be5 Re8 30. f4 g5 31. g3 Kf7 32. Rb1 gxf4 33. gxf4 Rg8+ 34. Kf1 Rg3 35. Rb7+ Ke6 36. Rxa7 Rxh3 37. a4 h5 38. a5 Ra3 39. Rh7 Bf3 40. Kf2 Bg4 41. Bc7 Kd5 42. Bb6 Ke4 43. Bc7 Ra2+ 44. Kg3 {[%emt 0:00:03] The position is equal.} Kd5 45. Bb6 Ra3+ 46. Kh4 Ke4 47. Kg5 Kf3 $1 48. Rh6 Kg3 $1 {[%emt 0:00:19] Weighted Error Value: White=0.04 (flawless) /Black=0.03 (flawless)} 1/2-1/2

[Event "German Rapid Championship 2022"]
[Site "Goettingen"]
[Date "2022.09.24"]
[Round "5.3"]
[White "Fridman, Daniel"]
[Black "Lubbe, Nikolas"]
[Result "1-0"]
[ECO "E06"]
[WhiteElo "2607"]
[BlackElo "2479"]
[Annotator "TA"]
[PlyCount "53"]
[EventDate "2022.09.24"]
[EventType "swiss"]
[EventCountry "GER"]
[SourceTitle "playchess.com"]
[Source "ChessBase"]
[SourceQuality "1"]
[TimeControl "900+10"]

1. d4 d5 2. c4 e6 3. Nf3 Nf6 4. g3 Be7 5. Bg2 O-O 6. Nc3 c6 7. O-O a5 {[%emt 0:00:03] E06: Closed Catalan: Early deviations.} 8. Bf4 dxc4 9. Ne5 Nd5 {[%emt 0:00:19] The position is equal.} 10. Nxc4 {[%emt 0:00:03] [#]} b6 $146 ({Predecessor:} 10... Nd7 11. Rc1 Nxf4 12. gxf4 Qc7 13. e3 Rd8 14. Ne4 Nf6 15. Ng5 h6 16. Ne4 Bd7 {0-1 (35) Dudin,G (2477)-Karsay,P (2310) Terme Catez 2022}) 11. Rc1 Bb7 12. Ne5 Nxf4 13. gxf4 f6 14. Nf3 (14. Nd3 $16) 14... Re8 15. Qb3 Bf8 16. f5 Bc8 17. Bh3 {[%emt 0:01:26][%cal Rf5e6] White is much more active.} b5 18. fxe6 {[%emt 0:02:10] [#] Black must now prevent e7+.} Qe7 $2 {[%emt 0:00:02] This move loses the game for Black.} (18... a4 $14 19. e7+ axb3 20. exd8=R (20. exd8=Q Rxd8 21. Bxc8 Rxc8 $14) 20... Rxd8 21. Bxc8 Rxc8) 19. d5 $18 {[%emt 0:00:15] Threatens to win with dxc6.} a4 20. Qd1 Rd8 21. e4 Bb7 (21... a3 $142) 22. Nd4 b4 23. dxc6 Nxc6 (23... bxc3 24. cxb7 Qxb7) 24. Nd5 {[%emt 0:00:02] Pair of Knights! White is winning.} Qe8 25. Nxc6 Bxc6 26. e7 Bxe7 {[%emt 0:00:12] [#]} 27. Rxc6 $1 {[%emt 0:00:03][%mdl 512] Weighted Error Value: White=0.13 (very precise) /Black=0.35} 1-0

[Event "German Rapid Championship 2022"]
[Site "Goettingen"]
[Date "2022.09.24"]
[Round "5.4"]
[White "Heider, Martin"]
[Black "Knuedel, Torben"]
[Result "1-0"]
[ECO "A05"]
[WhiteElo "2393"]
[BlackElo "2221"]
[Annotator "TA"]
[PlyCount "51"]
[EventDate "2022.09.24"]
[EventType "swiss"]
[EventCountry "GER"]
[SourceTitle "playchess.com"]
[Source "ChessBase"]
[SourceQuality "1"]
[TimeControl "900+10"]

1. Nf3 Nf6 2. b3 e6 3. Bb2 d5 4. c4 Be7 5. e3 O-O 6. Nc3 b6 7. g3 Bb7 8. Bg2 c5 9. O-O Nc6 10. cxd5 exd5 11. d4 Rc8 12. Rc1 Ba6 {[%emt 0:00:45] A14: English Opening: 1...e6 with b3 by White.} 13. Re1 cxd4 ({Black should play} 13... c4 $14) 14. Nxd4 $16 {[%emt 0:00:40] [#]} Nxd4 $146 {[%emt 0:00:58] White is better.} ({Predecessor:} 14... Nb4 15. Nf5 Nd3 16. Nxd5 Nxd5 17. Rxc8 Bxc8 18. Qxd3 Bf6 19. Bxf6 Nxf6 20. Qxd8 Rxd8 {1-0 (34) Akopian,V (2688)-Iakymov,V (2463) Rijeka 2010}) 15. Qxd4 Bc5 16. Qa4 Bb7 17. Red1 Bc6 18. Qf4 (18. Qxa7 $2 Ra8 19. Qxa8 Qxa8 $19) 18... Bd6 19. Qf5 {[%emt 0:01:45] White is much more active.} Bd7 20. Qb1 Bg4 21. Nxd5 Bxd1 $2 (21... Rxc1 $16 {was necessary.} 22. Rxc1 Nxd5) 22. Nxf6+ $18 (22. Rxd1 Nxd5 23. Bxd5 (23. Rxd5 Qe7 $11) 23... Qg5 $11) 22... gxf6 23. Rxd1 {[%emt 0:00:04] [#] Hoping for Rd4.} Qe7 24. Qf5 Rc5 $2 (24... Qe6 {was called for.} 25. Qh5 (25. Qxf6 Qxf6 26. Bxf6 Ba3 $16) (25. Qxe6 fxe6 26. Rxd6 Rc2 $18) 25... Be7) 25. Bd5 {[%emt 0:00:56] A strong pair of Bishops.} Kg7 (25... Rxd5 $18 26. Rxd5 Be5) 26. Qg5+ {[%emt 0:00:14][%mdl 64] Deflection. Black did not feel at home in the position after the opening.  Weighted Error Value: White=0.10 (very precise) /Black=0.92} 1-0

[Event "German Rapid Championship 2022"]
[Site "Goettingen"]
[Date "2022.09.24"]
[Round "5.5"]
[White "Feuerstack, Aljoscha"]
[Black "Carlstedt, Jonathan"]
[Result "0-1"]
[ECO "B22"]
[WhiteElo "2464"]
[BlackElo "2433"]
[Annotator "TA"]
[PlyCount "106"]
[EventDate "2022.09.24"]
[EventType "swiss"]
[EventCountry "GER"]
[SourceTitle "playchess.com"]
[Source "ChessBase"]
[SourceQuality "1"]
[TimeControl "900+10"]

1. e4 c5 2. c3 Qa5 3. Na3 e6 4. d4 cxd4 5. Nc4 Qc7 6. cxd4 {[%emt 0:00:02] B22: Sicilian: 2 c3.} d5 7. exd5 exd5 8. Ne5 {[%emt 0:00:31] The position is equal.} Nc6 9. Ngf3 Nf6 10. Be2 Bd6 11. O-O O-O ({Don't take} 11... Nxe5 12. dxe5 Bxe5 13. Bb5+ Kf8 14. Nxe5 Qxe5 15. Re1 $16) 12. Bf4 Ne4 {[%emt 0:00:45] [#]} 13. Qb3 $146 ({Predecessor:} 13. Be3 Be6 14. Rc1 Qb6 15. Nc4 dxc4 16. d5 Qxb2 17. dxe6 Rad8 18. exf7+ Kh8 19. Rc2 {1-0 (70) Karpatchev,A (2438)-Mohebbi,J (2292) Bischwiller 1999}) 13... Nxd4 14. Nxd4 Bxe5 15. Rac1 Qb8 16. Bxe5 Qxe5 17. Nf3 Qd6 18. Rfd1 Be6 19. Nd4 Rac8 20. Rxc8 Bxc8 21. Nb5 Qb6 22. Qe3 Qxe3 23. fxe3 Be6 24. Bf3 Nf6 25. Nc3 Rd8 26. e4 $1 d4 27. Nd5 Kf8 28. Rxd4 b6 29. a3 (29. Ra4 $11) 29... Rd7 30. Kf2 Bxd5 31. exd5 $15 {[%emt 0:00:02][%mdl 4096] Endgame KRB-KRN} Ke7 32. g4 g5 33. h4 h6 34. hxg5 hxg5 35. Ke3 Kd6 36. Rd2 Ke5 37. Rf2 Ne8 {[%emt 0:00:16] Black is more active.} ({Much worse is} 37... Nxd5+ $6 38. Bxd5 Kxd5 39. Rf5+ Kc4 40. Rxg5 $11) (37... Rxd5 $17 38. Be2 Ke6) 38. Rh2 Nd6 39. Kd3 Kf4 40. Bd1 Ne4 41. Kd4 Kg3 (41... f5 $11) 42. Re2 $14 Nf2 (42... Nd6 $14) 43. Re3+ $18 Kh4 44. Bf3 ({White has to play} 44. Ba4 $18 Rd8 45. Rf3 Nxg4 46. Rxf7) 44... Nxg4 $15 45. Re4 (45. Rc3 $15) 45... f5 $17 46. Re6 f4 $1 47. d6 {[%emt 0:00:02] [#] Threatens to win with Bc6.} Kg3 $1 48. Bd1 (48. Bc6 $17 Rd8 49. Bb5) 48... f3 $2 (48... Ne3 49. Ba4 {[#]} Rxd6+ $3 50. Rxd6 Nf5+ 51. Kd5 Nxd6 52. Kxd6 f3) 49. Rg6 (49. Bxf3 {was necessary.} Kxf3 50. Kd5) 49... f2 50. Be2 Kf4 {[%emt 0:00:01] Hoping for ...Ne3.} 51. Kd5 $2 (51. Bd3) 51... Rd8 {[%emt 0:00:35] ...Ne3+ is the strong threat. Black is clearly winning.} 52. Rg7 {[%emt 0:00:02] And now Rf7+ would win.} Nf6+ 53. Kc6 {[%emt 0:00:11] [#]} Rxd6+ $3 {[%emt 0:00:07][%mdl 512] Weighted Error Value: White=0.54/Black=0.29 (precise)} 0-1

[Event "German Rapid Championship 2022"]
[Site "Goettingen"]
[Date "2022.09.24"]
[Round "5.6"]
[White "Arndt, Magnus"]
[Black "Langrock, Hannes"]
[Result "1/2-1/2"]
[ECO "B40"]
[WhiteElo "2384"]
[BlackElo "2358"]
[Annotator "TA"]
[PlyCount "176"]
[EventDate "2022.09.24"]
[EventType "swiss"]
[EventCountry "GER"]
[SourceTitle "playchess.com"]
[Source "ChessBase"]
[SourceQuality "1"]
[TimeControl "900+10"]

1. e4 c5 2. Nf3 e6 3. g3 Nc6 4. Bg2 Nf6 5. Nc3 d5 6. exd5 exd5 7. d4 cxd4 8. Nxd4 Bg4 9. Qd3 Bb4 10. O-O O-O 11. Bf4 Rc8 12. Nxc6 bxc6 13. a3 Bd6 14. Qd2 Bf5 15. Rfe1 Bxf4 16. Qxf4 Bxc2 17. Rac1 Bg6 18. b4 a5 19. Red1 axb4 20. axb4 Qb6 21. Na4 Qb5 22. Nc3 Qb6 23. Na4 Qa7 24. Nc5 Rb8 (24... Rfe8 $17) 25. Qd6 Rfd8 ({Reject} 25... Rxb4 26. Nd7 Qxd7 27. Qxb4 $11) 26. Qxc6 Rb6 27. Qa4 Qxa4 28. Nxa4 Rxb4 29. Nc5 h6 30. Nd3 Bxd3 31. Rxd3 d4 32. Bf3 Rd7 33. Kg2 g6 34. h3 Kg7 35. Rc5 Rd6 36. g4 {[%emt 0:00:45] [#]} (36. Rc6 $17 Rd7 37. Ra6) 36... Nd7 $1 $19 37. Rd5 Rxd5 38. Bxd5 Ne5 39. Rd2 (39. Rb3 $17 Rxb3 40. Bxb3) 39... g5 (39... d3 $19 40. Kg3 Rd4) 40. Kg3 (40. Be4 $17) 40... Ng6 41. Be4 Nf4 42. h4 Kf6 43. hxg5+ hxg5 44. f3 Ke5 45. Kf2 Ra4 46. Rb2 Ra5 47. Rb7 $2 (47. Bb1) 47... Ra2+ $19 48. Ke1 d3 49. Rd7 Re2+ $2 (49... Ng2+ $19 {has better winning chances.} 50. Kd1 Ne3+ 51. Kc1 d2+ 52. Rxd2 Rxd2 53. Kxd2 {[#]} Nxg4 $1) 50. Kd1 $17 d2 (50... Rb2 $17) 51. Rxd2 Rxd2+ 52. Kxd2 Kd4 53. Bb7 f6 54. Bc6 Ne6 55. Be4 Nc5 56. Bc2 Nd7 57. Be4 Ne5 58. Bb7 Nc4+ 59. Ke2 Nd6 60. Bc6 $1 Nc8 61. Bd7 (61. Bb7 $5 Nd6 62. Bc6 $11) 61... Ne7 62. Be6 Ke5 63. Bc4 Kf4 (63... Kd4 $5 64. Bb3 Nc6 $11) 64. Kf2 Nc6 65. Bd5 Ne5 66. Bb7 $1 Nd3+ 67. Ke2 Nc5 68. Bd5 Nd7 69. Kf2 Nf8 70. Be4 Ne6 71. Bd5 Nd4 72. Be4 Nb3 73. Bd5 Nc5 74. Bc4 Nd7 75. Bd5 Nb6 76. Be6 Ke5 77. Bb3 Kd4 78. Be6 Na4 79. Ke2 Nc3+ 80. Kd2 Nb5 81. Bd7 Nd6 82. Ke2 Nc4 83. Be6 Ne5 84. Bf5 Nf7 85. Be6 Nd6 86. Bd7 Ke5 87. Bc6 Kf4 88. Kf2 Ke5 1/2-1/2

[Event "German Rapid Championship 2022"]
[Site "Goettingen"]
[Date "2022.09.24"]
[Round "5.7"]
[White "Spiess, Gunter"]
[Black "Reichmann, Hendrik"]
[Result "1/2-1/2"]
[ECO "A46"]
[WhiteElo "2384"]
[BlackElo "2307"]
[Annotator "TA"]
[PlyCount "34"]
[EventDate "2022.09.24"]
[EventType "swiss"]
[EventCountry "GER"]
[SourceTitle "playchess.com"]
[Source "ChessBase"]
[SourceQuality "1"]
[TimeControl "900+10"]

1. d4 Nf6 2. Nf3 d6 3. c4 g6 4. Nc3 Bf5 5. g3 Bg7 6. Bg2 O-O 7. O-O {[%emt 0:00:14] 7.Nh4 is the modern continuation.} Ne4 {[%emt 0:00:04] [#]} {Predecessor:} 8. Nh4 $146 {E60: King's Indian: Unusual lines and Fianchetto Variation without Nc3.} Nxc3 9. bxc3 Bc8 10. f4 c5 11. f5 Nc6 12. Be3 Na5 13. Qd3 Bd7 14. Rf2 cxd4 15. cxd4 e6 16. fxg6 hxg6 17. Raf1 Qe7 {0-1 (86) Oparin,G (2681)-Caruana,F (2792) Warsaw 2021} 1/2-1/2

[Event "German Rapid Championship 2022"]
[Site "Goettingen"]
[Date "2022.09.24"]
[Round "5.8"]
[White "Laux, Dominik"]
[Black "Woelk, Tom-Frederic"]
[Result "1-0"]
[ECO "D00"]
[WhiteElo "2248"]
[BlackElo "2289"]
[Annotator "TA"]
[PlyCount "67"]
[EventDate "2022.09.24"]
[EventType "swiss"]
[EventCountry "GER"]
[SourceTitle "playchess.com"]
[Source "ChessBase"]
[SourceQuality "1"]
[TimeControl "900+10"]

1. d4 d5 2. Bf4 Nf6 3. e3 c5 4. c3 Qb6 5. Qb3 c4 6. Qc2 {[%emt 0:00:03] D00: 1 d4 d5: Unusual lines.} g6 7. Nd2 Bf5 {[%emt 0:00:02] Prevents e4.} 8. Qc1 {[%emt 0:00:07] The position is equal.} Nh5 9. Be5 f6 10. Bxb8 Rxb8 11. Be2 {[%emt 0:00:46] [#] And now g4 would win.} Be6 $146 (11... Ng7 $11 {remains equal.}) ({Predecessor:} 11... Ng7 12. Ngf3 Qc7 13. O-O g5 14. b3 b5 15. a4 a6 16. axb5 axb5 17. Ra6 e6 18. bxc4 bxc4 {1-0 (40) Kholmirzaev,B (2352)-Shodikulov,D (2181) Tashkent 2016}) 12. b3 $16 cxb3 13. axb3 Bh6 14. Qa3 a6 15. Ngf3 Qc7 16. c4 O-O 17. O-O Ng7 18. Rac1 {[%emt 0:00:46] aiming for cxd5.} Qd7 19. Rc3 Rfc8 20. Rfc1 Ne8 21. cxd5 Rxc3 22. Rxc3 Bxd5 23. Qc1 Nd6 24. Nc4 b5 25. Nxd6 Qxd6 26. Nd2 Rb6 (26... Bf8 $11 {keeps the balance.}) 27. Bf3 Bxf3 28. Rc8+ Kf7 29. Nxf3 Qb4 ({Better is} 29... Rb8 $14) 30. Nd2 {[%emt 0:01:27] Strongly threatening Ra8.} a5 $2 {[%emt 0:00:47][%mdl 8192] Loses the game.} (30... Qd6 $16) 31. Ra8 $18 {[%emt 0:01:06][%cal Oc1c8] White wants to mate with Qc8!} Bg7 {[%emt 0:02:59] [#]} (31... f5 $142 32. h4 Qd6) 32. Qc8 $1 f5 33. Nf3 {[%emt 0:00:05] Intending Ng5+ and mate.} Qxb3 34. Qg8+ {[%emt 0:00:04] Weighted Error Value: White=0.08 (flawless) /Black=0.58} (34. Ng5+ $142 Kf6 35. Nxh7+ Kf7 36. Qg8#) 1-0